 Dungeon Crawl Stone Soup version 0.29-a0-732-g3d7fbe0af2 (webtiles) character file.

Game seed: 7223395901734257223

21 Mgcat the Trooper (level 2, -4/32 HPs)
             Began as an Ogre Fighter on June 29, 2022.
             Slain by a goblin
             ... wielding a +0 dagger
             ... led by Robin
              (5 damage)
             ... on level 2 of the Dungeon.
             The game lasted 00:01:38 (1527 turns).

Mgcat the Trooper (Ogre Fighter)                    Turns: 1527, Time: 00:01:39

Health: -4/32      AC:  3    Str: 19    XL:     2   Next: 87%
Magic:  2/2        EV:  8    Int:  9    God:
Gold:   63         SH:  7    Dex:  8    Spells: 1/1 levels left

rFire   . . .      SeeInvis .   a - +0 war axe
rCold   . . .      Faith    .   c - +0 kite shield
rNeg    . . .      Spirit   .   b - +0 robe
rPois   .          Reflect  .   (helmet restricted)
rElec   .          Harm     .   (no cloak)
rCorr   .          Rampage  .   (gloves unavailable)
Will    .....                   (boots unavailable)
Stlth   +.........              (no amulet)
HPRegen 0.10/turn               (no ring)
MPRegen 0.08/turn               (no ring)

@: mighty
A: large, unfitting armour, tough skin 1
a: no special abilities


You were on level 2 of the Dungeon.
You visited 1 branch of the dungeon, and saw 2 of its levels.

You collected 91 gold pieces.
You spent 28 gold pieces at shops.

Inventory:

Hand Weapons
 a - a +0 war axe (weapon)
Armour
 b - a +0 robe (worn)
 c - a +0 kite shield (worn)
Jewellery
 l - a ring of magical power {MP+9}
   (You found it on level 2 of the Dungeon)
Scrolls
 e - 2 scrolls of identify {unknown}
 f - a scroll of fog
 g - a scroll of poison {unknown}
 h - a scroll of summoning {unknown}
 i - a scroll of teleportation {unknown}
 m - a scroll of fear {unknown}
Potions
 j - a potion of heal wounds {unknown}
 k - a potion of magic {unknown}


   Skills:
 + Level 4.3 Fighting
 * Level 2.5 Axes
 + Level 2.9 Dodging
 + Level 3.2 Shields


You had one spell level left.
You didn't know any spells.
Your spell library was empty.

Dungeon Overview and Level Annotations

Branches:
Dungeon (2/15)

Altars:

Shops:
D:1 ?

Annotations:
D:2 Robin, Terence


Innate Abilities, Weirdness & Mutations

You are too large for most types of armour.
You have tough skin. (AC +1)


Message History

The frilled lizard bites you but does no damage.
You block the frilled lizard's attack.
You closely miss the frilled lizard. The frilled lizard bites you.
You take 1 damage, and have 27/32 hp.
You slash the frilled lizard!
You kill the frilled lizard!
No target in view!
No target in view!
There is an open door here.
HP restored.
You open the door.
There is an open door here.
Found a stone staircase leading down.
Health restored: 32 No target in view!
m - a scroll labelled JEHUTU NINEA
There is a stone staircase leading down here.
You open the door.
There is an open door here.
There is an open door here.
You see here 9 stones.
You open the door.
Found a stone staircase leading down.
You see here a +0 helmet.
Found a stone staircase leading down.
A goblin comes into view. It is wielding a +0 club.
The goblin shouts!
You hear a shout! x4
You miss the goblin. The goblin hits you with a +0 club.
You take 4 damage, and have 28/32 hp.
You closely miss the goblin. You block the goblin's attack.
The goblin hits you but does no damage.
You barely miss the goblin. You block the goblin's attack.
You slash the goblin!
You kill the goblin!
A hobgoblin comes into view.
Robin and 3 goblins come into view.
Robin is wielding a +1 dagger of venom.
A goblin is wielding a +1 dagger of holy wrath.
The goblin shouts! x2
The hobgoblin barely misses you.
Robin roars a battlecry!
The goblins go into a battle-frenzy!
You see here a +0 club.
You closely miss the hobgoblin. The hobgoblin barely misses you.
You barely miss the hobgoblin. The hobgoblin barely misses you.
Robin throws the goblin at you! The goblin barely misses you.
A goblin comes into view. It is wielding a +0 dagger.
You block the goblin's attack. You block the hobgoblin's attack.
The goblin shouts!
You slash the goblin!
You kill the goblin!
You closely miss the hobgoblin.
Sorry, you're not good enough to have a special ability.
You feel very mighty all of a sudden. You block the hobgoblin's attack.
The goblin hits you with a +0 dagger.
You take 4 damage, and have 24/32 hp.
You barely miss the goblin. You closely miss the hobgoblin.
You block the hobgoblin's attack. The goblin barely misses you. x2
The hobgoblin barely misses you.
You closely miss the goblin. You hit the hobgoblin.
You block the hobgoblin's attack. The goblin hits you with a +0 dagger.
You take 1 damage, and have 23/32 hp.
You barely miss the goblin. You barely miss the hobgoblin.
You block the hobgoblin's attack. Robin throws the goblin at you!
The goblin hits you but does no damage.
The goblin hits you with a +1 dagger of holy wrath. x2
The hobgoblin hits you. The goblin hits you with a +0 dagger.
You take 11 damage, and have 12/32 hp.
MASSIVE DAMAGE!!
You hit the goblin.
The goblin is moderately wounded.
You barely miss the hobgoblin. You closely miss the goblin.
The hobgoblin hits you.
* * * LOW HITPOINT WARNING * * *
You block the goblin's attack. The goblin hits you but does no damage.
You take 4 damage, and have 8/32 hp.
You closely miss the goblin.
The goblin is moderately wounded.
You closely miss the hobgoblin. You closely miss the goblin.
The hobgoblin no longer looks unusually strong.
The goblin no longer looks unusually strong.
The hobgoblin hits you but does no damage.
Robin roars a battlecry!
The goblins go into a battle-frenzy!
The goblin hits you with a +0 dagger.
* * * LOW HITPOINT WARNING * * *
The goblin completely misses you.
The goblin hits you with a +1 dagger of holy wrath.
* * * LOW HITPOINT WARNING * * *
The hobgoblin hits you.
* * * LOW HITPOINT WARNING * * *
You block the goblin's attack.
You take 7 damage, and have 1/32 hp.
MASSIVE DAMAGE!!
You miss the goblin.
The goblin is moderately wounded.
You barely miss the hobgoblin. You closely miss the goblin.
The goblin no longer looks unusually strong.
You block the hobgoblin's attack.
Robin roars a battlecry!
The goblin goes into a battle-frenzy!
The goblin hits you with a +0 dagger.
You die...

######..##
#...# ##.[#
#..# ##.##
#..#########
#..##......#
##..#.##g###
#..#.#..@g#
##.#.#..#g#
#...#..#g#
#...#..#g#
##(.#..#.#
#.>#..#.#
####..#.#
#.. .#


You could see Robin, a hobgoblin (strong) and 3 goblins.

Vanquished Creatures
  A bat (D:1)
  An endoplasm (D:1)
  7 goblins
  A hobgoblin (D:1)
  4 kobolds (D:1)
  A ball python (D:1)
  2 frilled lizards
  A rat (D:1)
18 creatures vanquished.

Notes
Turn   | Place    | Note
-------+----------+-------------------------------------------
     0 | D:1      | Mgcat the Ogre Fighter began the quest for the Orb.
     0 | D:1      | Reached XP level 1. HP: 24/24 MP: 1/1
   190 | D:1      | Found a faded altar of an unknown god.
   208 | D:1      | Found Voloty's Magic Scroll Boutique.
   287 | D:1      | Bought a scroll of fog for 28 gold pieces
   371 | D:1      | Reached XP level 2. HP: 18/32 MP: 2/2
  1179 | D:2      | Noticed Terence
  1517 | D:2      | Noticed Robin
  1525 | D:2      | HP: 8/32 [hobgoblin[Robin] (4)]
  1526 | D:2      | HP: 1/32 [hobgoblin[Robin] (5)]
  1527 | D:2      | Slain by a goblin

Illustrated notes

Levels and vault maps discovered:
D:1:      dpeg_arrival_windows_large_door, layout_loops_cross,
          shapermc_ecumenical_altar_mp_vishouse, serial_shops,
          nicolae_shop_statue_plus
D:2:      minmay_evil_eye, layout_basic, serial_glass, glass_columns_b,
          glass_columns_c, uniq_terence, uniq_robin

Action                   || total
-------------------------++-------
Melee: War axe           ||    70
  Use: Potion            ||     1
Armor: Robe              ||    26
Dodge: Dodged            ||    21
Block: Kite shield       ||    25

Table legend: (Time is in decaauts)
 A = Elapsed time spent in this place.
 B = Non-inter-level travel time spent in this place.
 C = Inter-level travel time spent in this place.
 D = Time resting spent in this place.
 E = Time spent auto-exploring this place.
 F = Levels seen in this place.
 G = Mean time per level.
                   A        B        C        D        E       F      G
               +--------+--------+--------+--------+--------+-----+--------+
         Total |   1562 |   1522 |     40 |     53 |   1290 |   2 |  781.0 |
       Dungeon |   1562 |   1522 |     40 |     53 |   1290 |   2 |  781.0 |
               +--------+--------+--------+--------+--------+-----+--------+

Top non-repeatable levels by time:
     D:1: 1191 daAuts
     D:2: 371 daAuts

Table legend:
 A = Kills in this place as a percentage of kills in entire the game.
 B = Kills by you in this place as a percentage of kills by you in the entire game.
 C = Kills by friends in this place as a percentage of kills by friends in the entire game.
 D = Other kills in this place as a percentage of other kills in the entire game.
 E = Experience gained in this place as a percentage of experience gained in the entire game.
 F = Experience gained in this place divided by the number of levels of this place that you have seen.
                   A       B       C       D       E      F
               +-------+-------+-------+-------+-------+----------------------
         Total | 100.0 | 100.0 |   N/A |   N/A | 100.0 |  15.5
       Dungeon | 100.0 | 100.0 |   N/A |   N/A | 100.0 |  15.5
               +-------+-------+-------+-------+-------+----------------------
